 Dungeon Crawl Stone Soup version 0.24-a0-615-g751f86b (webtiles) character file.

Game seed: 14307796804817922143, levelgen mode: deterministic

64 Spazmo the Magician (level 3, 0/19 HPs)
             Began as a Deep Elf Fire Elementalist on Sept 13, 2019.
             Slain by an ice beast (11 damage)
             ... on level 3 of the Dungeon.
             The game lasted 00:04:09 (1427 turns).

Spazmo the Magician (Deep Elf Fire Elementalist)    Turns: 1427, Time: 00:04:10

Health: 0/19       AC:  2    Str:  5    XL:     3   Next: 91%
Magic:  3/10       EV: 13    Int: 20    God:
Gold:   150        SH:  0    Dex: 15    Spells: 4/10 levels left

rFire    . . .     SeeInvis .   f - +1 dagger
rCold    . . .     Gourm    .   (no shield)
rNeg     . . .     Faith    .   a - +0 robe
rPois    .         Spirit   .   (no helmet)
rElec    .         Reflect  .   (no cloak)
rCorr    .         Harm     .   (no gloves)
MR       +....                  (no boots)
Stlth    ++........             (no amulet)
HPRegen  0.06/turn              l - ring of protection from magic
MPRegen  0.12/turn              (no ring)

@: no status effects
A: no striking features
a: no special abilities


You were on level 3 of the Dungeon.
You were not hungry.

You visited 1 branch of the dungeon, and saw 3 of its levels.

You collected 150 gold pieces.

Inventory:

Hand Weapons
 f - a +1 dagger (weapon)
Missiles
 d - 80 stones (quivered)
Armour
 a - a +0 robe (worn)
Jewellery
 l - a ring of protection from magic (left hand)
Scrolls
 g - a scroll of remove curse
 h - a scroll of fog
 j - 2 scrolls of identify
 m - a scroll of blinking {unknown}
 n - 2 scrolls of enchant armour {unknown}
 o - a scroll of immolation {unknown}
Potions
 b - a potion of curing
 e - a potion of magic {unknown}
 i - a potion of heal wounds {unknown}
Comestibles
 c - 7 rations
 k - 2 chunks of flesh


   Skills:
 - Level 2.4 Dodging
 - Level 2.4 Stealth
 + Level 4.1 Spellcasting
 + Level 2.5 Conjurations
 + Level 4.0 Fire Magic


You had 4 spell levels left.
You knew the following spells:

 Your Spells              Type           Power        Failure   Level  Hunger
a - Flame Tongue          Conj/Fire      ###..        3%          1    None
b - Throw Flame           Conj/Fire      ###...       4%          2    #......
c - Conjure Flame         Conj/Fire      ###.....     10%         3    ###....

Your spell library contained the following spells:

 Spells                   Type           Power        Failure   Level  Hunger
 Inner Flame              Hex/Fire       ##......     17%         3    ###....
 Sticky Flame             Conj/Fire      ###.....     32%         4    ####...
 Fireball                 Conj/Fire      ###.......   65%         5    ######.


Dungeon Overview and Level Annotations

Branches:
Dungeon (3/15)

Altars:


Message History

The ice beast is heavily wounded.
The ice beast misses you.
Casting: Flame Tongue (safe; 3% risk of failure)
Confirm with . or Enter, or press ? or * to list all spells.
Aiming: Flame Tongue (safe; 3% risk of failure)
Press: ? - help, Shift-Dir - straight line, f/p - ice beast
Aim: an ice beast (heavily wounded)
The flame tongue hits the ice beast but does no damage.
The ice beast is heavily wounded.
The ice beast closely misses you.
Casting: Flame Tongue (safe; 3% risk of failure)
Confirm with . or Enter, or press ? or * to list all spells.
Aiming: Flame Tongue (safe; 3% risk of failure)
Press: ? - help, Shift-Dir - straight line, f/p - ice beast
Aim: an ice beast (heavily wounded)
The flame tongue hits the ice beast but does no damage.
The ice beast is heavily wounded.
The hobgoblin hits you. The ice beast hits you. The ice beast freezes you!
Ouch! That really hurt!
You die...

..# ..# .####
..########## .#....
.[.........# ###...#..
########...# #........
...........# #..".....
........†..# #.......#
........##.#####gY.....#
........#.......@......#
........#.......##......
........#.......# ###.#
........#.......#
..).............#
.........#.######
########.#.# #.#. #


You could see an ice beast and a hobgoblin.

Vanquished Creatures
  An adder (D:2)
  A worm (D:2)
  2 dart slugs (D:2)
  A leopard gecko (D:1)
  3 giant cockroaches
  5 goblins
  7 hobgoblins
  2 jackals (D:2)
  5 kobolds
  3 quokkas
  7 bats
  3 frilled lizards
  2 rats
42 creatures vanquished.

Vanquished Creatures (others)
  4 toadstools (D:1)
4 creatures vanquished.

Grand Total: 46 creatures vanquished

Notes
Turn   | Place    | Note
-------+----------+-------------------------------------------
     0 | D:1      | Spazmo the Deep Elf Fire Elementalist began the quest for
                  | the Orb.
     0 | D:1      | Reached XP level 1. HP: 10/10 MP: 6/6
    94 | D:1      | Reached XP level 2. HP: 15/15 MP: 4/8
    98 | D:1      | Learned a level 2 spell: Throw Flame
   632 | D:2      | Reached XP level 3. HP: 19/19 MP: 8/10
   642 | D:2      | Learned a level 3 spell: Conjure Flame
  1419 | D:3      | Noticed an ice beast
  1427 | D:3      | Slain by an ice beast

Levels and vault maps discovered:
D:1:      ldierk_water_garden, layout_rooms
D:2:      layout_basic, minmay_puff
D:3:      layout_basic

Skill      XL: |  1  2  3 |
---------------+----------+-----
Conjurations   | 2 |  2.5
Spellcasting   | 4 |  4.1
Fire Magic     | 4 |  4.0
Dodging        | |  2.4
Stealth        | |  2.4

Action                   || total
-------------------------++-------
Melee: Dagger            ||     2
 Cast: Flame Tongue      ||    68
       Throw Flame       ||     4
  Use: Scroll            ||     5
       Potion            ||     1
  Eat: Chunk             ||     1
Armor: Robe              ||     5
Dodge: Dodged            ||    15

Table legend:
 A = Non-vault XP
 B = Vault XP
 C = Vault XP percentage of total XP
 D = Non-vault monster count
 E = Vault monster count
 F = Vault count percentage of total count
                 A         B        C        D         E       F
            +---------+---------+-------+---------+---------+-------
      Total |      90 |       2 |   2.2 |      41 |       1 |   2.4
            +---------+---------+-------+---------+---------+-------
        D:1 |      22 |       0 |   0.0 |      13 |       0 |   0.0
        D:2 |      61 |       2 |   3.2 |      24 |       1 |   4.0
        D:3 |       7 |       0 |   0.0 |       4 |       0 |   0.0
            +---------+---------+-------+---------+---------+-------
